AoeStats
← NuMa | CarritoDGolf

Arabia

509544921Analyzed
4v4 RM · 5d ago on Sep 27, 2026· 29m 28s· 8 players
Game mode
Random Map
Map size
Large (8 player)
Population
200
Speed
Normal
Resources
Standard
Victory
Conquest
Starting age
Dark Age
Ending age
Imperial Age
RankedLock teamsTeams togetherTeam positionsShared explorationLock speedFull tech treeHidden civsTurbo modeCheats
Victory
Defeat
🇹🇼 Armenians · Taiwan
1089
+15
🇹🇼 Saxons · Taiwan
1067
+16
🇨🇳 Turks · China
1029
+18
🇹🇼 Jurchens · Taiwan
1022
+17
1078
-17
🇨🇿 Ethiopians · Czechia
1076
-17
🇨🇴 Cumans · Colombia
1059
-16
🇺🇸 Mongols · United States
1048
-34
Arthur
10:07 Feudal Age
8:49 Loom
11:51 Wheelbarrow
11:05 Arson
11:29 Man-at-Arms
12:02 Man-at-Arms
12:43 Double-Bit Axe
14:44 Town Watch
14:29 Long Swordsman
18:11 Scale Mail Armor
21:15 Horse Collar
24:17 Castle Age
25:25 Bow Saw
25:50 Chain Mail Armor
25:39 Squires
25:34 Two-Handed Swordsman
26:01 Gambesons
28:26 Forging
Lucas
10:52 Feudal Age
12:33 Double-Bit Axe
18:19 Castle Age
17:31 Horse Collar
19:07 Scale Barding Armor
19:44 Bloodlines
20:28 Light Cavalry
21:28 Forging
26:56 Chain Barding Armor
27:29 Husbandry
28:09 Wheelbarrow
29:19 Forging
David
6:35 Loom
9:41 Feudal Age
10:27 Double-Bit Axe
11:16 Horse Collar
15:33 Wheelbarrow
17:52 Gold Mining
21:01 Castle Age
20:55 Town Watch
22:07 Bow Saw
22:00 Heavy Plow
22:19 Bloodlines
22:10 Husbandry
22:31 Forging
22:27 Scale Barding Armor
23:28 Fletching
23:39 Padded Archer Armor
25:58 Bodkin Arrow
27:14 Leather Archer Armor
27:54 Ballistics
27:55 Scale Barding Armor
29:24 Thumb Ring
30:13 Hand Cart
Aaron
12:18 Feudal Age
14:25 Loom
16:52 Castle Age
15:21 Double-Bit Axe
15:20 Horse Collar
18:37 Bow Saw
21:03 Wheelbarrow
26:50 Scale Barding Armor
26:47 Scale Mail Armor
26:36 Gambesons
26:53 Squires
27:04 Town Watch
27:48 Stone Mining
29:16 Hand Cart
NuMa | CarritoDGolf
3:47 Loom
11:18 Feudal Age
13:14 Town Watch
26:31 Castle Age
24:59 Scale Barding Armor
26:03 Forging
28:06 Bloodlines
Teror
10:23 Feudal Age
12:03 Double-Bit Axe
15:38 Fletching
15:48 Padded Archer Armor
17:53 Castle Age
16:27 Horse Collar
18:06 Crossbowman
19:00 Gold Mining
26:02 Bow Saw
25:52 Bodkin Arrow
26:13 Leather Archer Armor
27:28 Thumb Ring
27:56 Stone Mining
longaadoc
10:54 Feudal Age
11:14 Loom
15:45 Castle Age
15:25 Double-Bit Axe
17:18 Scale Barding Armor
21:30 Bow Saw
22:32 Bloodlines
22:26 Horse Collar
25:54 Forging
27:03 Heavy Plow
28:30 Fletching
My credit card number: 465687642
10:40 Feudal Age
17:10 Loom
19:30 Horse Collar
26:15 Castle Age
25:37 Wheelbarrow
25:06 Double-Bit Axe
25:56 Stone Mining
29:06 Bow Saw
Connection lost

Rejoining the realm…

Still unreachable

The connection could not be restored.

Session expired

The server has moved on; the page needs a fresh start.